cohdb
Replays
Latest Replays
All Replays
Popular Replays
Top Player Replays
Match Explorer
How It Works
Community
CoH3 Stats
Reddit
Sign in to upload your games and track your stats! →
Sign in with Steam
Match 41015230
Unlisted
Match 41015230
Overview
Messages
Build Orders
End
Royal Engineer Section
Selects Air and Sea Battlegroup
Construct Section Command Post
Dingo Light Scout Car
Vickers Machine Gun Team
Construct Platoon Command Post
Selects Supply Surplus
6-pounder Anti-tank Gun Team
Vickers Machine Gun Team
6-pounder Anti-tank Gun Team
Construct Field Infirmary
Forward Retreat Point
Team Weapon Training
Selects UNKNOWN (223837)
Construct Company Command Post
Centaur IV Medium Tank
Matilda II Heavy Tank
Unlock Towed 17-pounder Anti-tank Guns
Selects Assault Flares
17-pounder Anti-tank Gun Team
Royal Engineer Section
Royal Engineer Section
Selects Naval Bombardment
Naval Bombardment
Armored Vehicle Training
BloodSpark
Pomni[Pointrunner]
Wittman
Cons01
P1
Bikini Bottom Jellyfish Hunter
AquaFerret
skopcak
0
0
Comments
sign in to comment!
No comments posted yet!